 Dungeon Crawl Stone Soup version 0.31-a0-986-g5e6e4ef867 (webtiles) character file.

Game seed: 18316645600212936930

1025 Naiya55 the Cleaver (level 8, -3/71 HPs)
             Began as a Formicid Fighter on Nov 4, 2023.
             Was a Follower of Ru.
             Slain by an orc warrior
             ... wielding a +0 glaive
              (6 damage)
             ... on level 6 of the Dungeon.
             The game lasted 00:07:53 (4999 turns).

Naiya55 the Cleaver (Formicid Fighter)              Turns: 4999, Time: 00:07:53

Health: -3/71      AC:  9    Str: 24    XL:     8   Next: 47%
Magic:  8/8        EV:  8    Int:  7    God:    Ru [*.....]
Gold:   269        SH:  5    Dex: 13    Spells: 7/7 levels left

rFire   . . .        a - +0 war axe
rCold   . . .        c - +0 buckler
rNeg    . . .        w - +0 chain mail
rPois   .            (helmet unavailable)
rElec   .            (no cloak)
rCorr   .            (no gloves)
SInv    +            (no boots)
Will    .....        (no amulet) Stlth
                     (no ring)
HPRegen 0.31/turn    (no ring)
MPRegen 0.11/turn

%: no passive effects
@: no status effects
A: permanent stasis, dig shafts and tunnels, antennae 3, inability to train
dodging, four strong arms
a: Dig, Shaft Self, Renounce Religion


You were on level 6 of the Dungeon.
You worshipped Ru.
Ru was aware of your devotion.
You visited 1 branch of the dungeon, and saw 6 of its levels.

You collected 269 gold pieces.

Inventory:

Hand Weapons
 a - a +0 war axe (weapon)
Armour
 c - a +0 buckler (worn)
 w - a +0 chain mail (worn)
Wands
 b - a wand of polymorph (12)
Scrolls
 e - a scroll of immolation {unknown}
 f - 2 scrolls of amnesia {unknown}
 g - a scroll of acquirement {unknown}
 h - 2 scrolls of enchant weapon {unknown}
 j - 2 scrolls of teleportation {unknown}
 m - 2 scrolls of fog {unknown}
 q - 2 scrolls of fear {unknown}
 r - 2 scrolls of blinking {unknown}
 u - a scroll of enchant armour {unknown}
Potions
 i - a potion of mutation
 k - 3 potions of attraction
 l - 2 potions of ambrosia (quivered)
 n - a potion of cancellation
 o - a potion of heal wounds
 p - 2 potions of curing
 s - a potion of resistance
 t - a potion of enlightenment


   Skills:
 - Level 9.2 Fighting
 - Level 11.0 Axes
 + Level 4.7 Armour
 + Level 5.7 Shields


You had 7 spell levels left.
You didn't know any spells.
Your spell library contained the following spells:

 Spells                   Type           Power      Damage    Failure   Level
 Kiss of Death            Conj/Necr      0%         2d5       96%         1
 Cigotuvi's Dreadful Rot  Necr/Pois/Air  0%         N/A       99%         2
 Confusing Touch          Hex            0%         N/A       100%        3
 Gell's Gravitas          Tloc           0%         N/A       100%        3
 Teleport Other           Tloc           0%         N/A       100%        3
 Dispel Undead            Necr           0%         3d6       100%        4
 Death Channel            Necr           0%         N/A       100%        6
 Dispersal                Tloc           0%         N/A       100%        6


Dungeon Overview and Level Annotations

Branches:
Dungeon (6/15)
 Temple: D:4-7

Altars:
Dithmenos
Kikubaaqudgha
Ru
Sif Muna

Shops:
D:4 (


Innate Abilities, Weirdness & Mutations

You cannot be hasted, slowed, berserked, paralysed or teleported.
You can dig through walls and to a lower floor.
You have a pair of large antennae on your head. (SInv)
You cannot train Dodging skill.
Your four strong arms can wield two-handed weapons with a shield.


Message History

a +0 dagger; a +0 robe; an orc corpse You start resting.
You feel less confused.
You start resting.
HP restored.
There is a stone staircase leading down here.
You climb downwards.
There is a stone staircase leading up here.
The orc warrior hits you with a +0 glaive!!
You hit the orc warrior but do no damage.
The orc warrior barely misses you.
You barely miss the orc warrior.
The orc warrior hits you with a +0 glaive!
You barely miss the orc warrior. You block the orc warrior's attack.
You slash the orc warrior!
The orc warrior is heavily wounded.
The orc warrior hits you with a +0 glaive.
You closely miss the orc warrior.
The orc warrior is moderately wounded.
You block the orc warrior's attack.
You hit the orc warrior but do no damage.
The orc warrior is moderately wounded.
The orc warrior barely misses you.
You barely miss the orc warrior.
The orc warrior is moderately wounded.
The orc warrior hits you with a +0 glaive.
You closely miss the orc warrior.
The orc warrior is moderately wounded.
The orc warrior hits you with a +0 glaive!
You closely miss the orc warrior.
The orc warrior is moderately wounded.
The orc warrior hits you with a +0 glaive!
* * * LOW HITPOINT WARNING * * *
The orc warrior hits you from afar with a +0 glaive!
* * * LOW HITPOINT WARNING * * *
The orc warrior attacks as it pursues you!
You block the orc warrior's attack.
There is a stone staircase leading up here.
The orc warrior hits you from afar with a +0 glaive.
You die...

...#####
##...#..
#..#...##
.#.....####
##.........#
#..#.......#
#.#........#
##.#..@.....#
#...o########
#....[#
#.......<.....
#.............
#.........[...
#.............
#.............
...........$...


You could see an orc warrior.

Vanquished Creatures
  A centaur (D:5)
  2 phantoms
  A scorpion (D:5)
  A howler monkey (D:3)
  3 jellies
  2 orc priests
  A hound (D:4)
  A sleepcap (D:5)
  An iguana (D:5)
  2 orc wizards (D:5)
  10 adders
  3 worms (D:4)
  2 dart slugs (D:4)
  14 orcs
  8 ball pythons
  12 endoplasms
  2 giant cockroaches
  11 hobgoblins
  6 jackals
  8 kobolds
  6 quokkas
  6 bats
  4 frilled lizards
  3 goblins
  8 rats
118 creatures vanquished.

Vanquished Creatures (others)
  An ice beast (D:5)
1 creature vanquished.

Grand Total: 119 creatures vanquished

Notes
Turn   | Place    | Note
-------+----------+-------------------------------------------
     0 | D:1      | Naiya55 the Formicid Fighter began the quest for the Orb.
     0 | D:1      | Reached XP level 1. HP: 18/18 MP: 1/1
   183 | D:1      | Reached XP level 2. HP: 24/24 MP: 2/2
   926 | D:2      | Reached XP level 3. HP: 30/30 MP: 3/3
  1018 | D:2      | Reached skill level 3 in Axes
  1436 | D:2      | Reached XP level 4. HP: 37/37 MP: 4/4
  2011 | D:3      | Reached skill level 4 in Axes
  2011 | D:3      | Reached XP level 5. HP: 35/43 MP: 5/5
  2098 | D:3      | Found a sacrificial altar of Ru.
  2112 | D:3      | Became a worshipper of Ru the Awakened
  2147 | D:3      | Found a shadowy altar of Dithmenos.
  2576 | D:3      | Reached skill level 10 in Axes
  2576 | D:3      | Reached XP level 6. HP: 58/58 MP: 6/6
  2929 | D:4      | Reached XP level 7. HP: 64/64 MP: 7/7
  3082 | D:4      | Reached skill level 11 in Axes
  3382 | D:4      | Found Xoatroul's Weapon Emporium.
  3958 | D:5      | Entered Level 5 of the Dungeon
  3980 | D:5      | Found a shimmering blue altar of Sif Muna.
  3985 | D:5      | Gained mutation: You cannot train Dodging skill. [Ru
                  | sacrifice]
  3985 | D:5      | Reached * piety under Ru
  4155 | D:5      | Reached XP level 8. HP: 47/71 MP: 8/8
  4290 | D:5      | Reached skill level 5 in Shields
  4470 | D:5      | Found an ancient bone altar of Kikubaaqudgha.
  4996 | D:6      | HP: 2/71 [orc warrior/+0 glaive (8)]
  4999 | D:6      | Slain by an orc warrior

Illustrated notes

Levels and vault maps discovered:
D:1:      dpeg_arrival_radiant, layout_loops_corners
D:2:      layout_basic, minmay_misc_feat_x, dreamdust_princess_corridor,
          minmay_statues_item, minmay_misc_feat_doors,
          nicolae_figureground_sparkle
D:3:      layout_basic, mainiacjoe_overflow_alcove_4, hangedman_ru_absence,
          minmay_puff
D:4:      minmay_angry_zag, layout_layer_cave, serial_shops,
          nicolae_diamond_shop
D:5:      layout_cave_pools, kiku_gazebo_pond_becter, serial_park,
          serial_park_square2, serial_park_paths [serial_park_minivault_5x5_7],
          serial_park_square3 [serial_park_minivault_5x5_6], serial_park_square3
          [serial_park_minivault_5x5_4]
D:6:      layout_rooms, nemelex_spade_bored_becter, hex_intersection

Skill      XL: |  1  2  3  4  5  6  7  8 |
---------------+-------------------------+-----
Axes           | 3 4 10 11 | 11.0
Fighting       | 4 9 |  9.2
Armour         | 4 |  4.7
Shields        | 5 |  5.7

Action                     |  1- 3 |  4- 6 |  7- 9 || total
---------------------------+-------+-------+-------++-------
  Melee: War axe           |    66 |   112 |   164 ||   342
 Invoke: Sacrifice Nimblen |       |       |     1 ||     1
    Use: Scroll            |       |     8 |     3 ||    11
         Potion            |       |     1 |     2 ||     3
 Armour: Scale mail        |    45 |    71 |    30 ||   146
         Chain mail        |       |       |    66 ||    66
  Dodge: Dodged            |    28 |    47 |    45 ||   120
  Block: Buckler           |    12 |    25 |    28 ||    65

Table legend: (Time is in decaauts)
 A = Elapsed time spent in this place.
 B = Non-inter-level travel time spent in this place.
 C = Inter-level travel time spent in this place.
 D = Time resting spent in this place.
 E = Time spent auto-exploring this place.
 F = Levels seen in this place.
 G = Mean time per level.
                   A        B        C        D        E       F      G
               +--------+--------+--------+--------+--------+-----+--------+
         Total |   5050 |   4901 |    149 |    273 |   3711 |   6 |  841.7 |
       Dungeon |   5050 |   4901 |    149 |    273 |   3711 |   6 |  841.7 |
               +--------+--------+--------+--------+--------+-----+--------+

Top non-repeatable levels by time:
     D:4: 1529 daAuts
     D:1: 913 daAuts
     D:3: 868 daAuts
     D:5: 859 daAuts
     D:2: 848 daAuts
     D:6: 31 daAuts
